 Dungeon Crawl Stone Soup version 0.26.1-10-gdfb7c7de75 (webtiles) character file.

Game seed: 17860763857948730032

120 tardwrangler69 the Covered (level 4, -2/40 HPs)
             Began as a Minotaur Fighter on Apr 3, 2021.
             Slain by an ogre
             ... wielding a +0 giant club
              (17 damage)
             ... on level 3 of the Dungeon.
             The game lasted 00:02:23 (2383 turns).

tardwrangler69 the Covered (Minotaur Fighter)       Turns: 2383, Time: 00:02:24

Health: -2/40      AC:  8    Str: 21    XL:     4   Next: 75%
Magic:  3/3        EV: 10    Int:  5    God:
Gold:   115        SH:  4    Dex: 10    Spells: 3/3 levels left

rFire    . . .     SeeInvis .   g - +2 dagger (speed)
rCold    . . .     Faith    .   h - +0 buckler
rNeg     . . .     Spirit   .   b - +0 scale mail
rPois    .         Reflect  .   (helmet restricted)
rElec    .         Harm     .   (no cloak)
rCorr    .         Rampage  .   p - +0 pair of gloves
Will     .....                  (no boots)
Stlth    ..........             (no amulet)
HPRegen  0.13/turn              (no ring)
MPRegen  0.08/turn              (no ring)

@: no status effects
A: retaliatory headbutt, horns 2
a: no special abilities


You were on level 3 of the Dungeon.
You visited 1 branch of the dungeon, and saw 3 of its levels.

You collected 115 gold pieces.

Inventory:

Hand Weapons
 a - a +0 rapier
 g - a +2 dagger of speed (weapon)
Armour
 b - a +0 scale mail (worn)
 c - a +0 kite shield
 h - a +0 buckler (worn)
 p - a +0 pair of gloves (worn)
Scrolls
 e - 4 scrolls of identify {unknown}
 f - 4 scrolls of teleportation {unknown}
 i - a scroll of fear {unknown}
 m - a scroll of remove curse {unknown}
 n - a scroll of noise {unknown}
 o - 4 scrolls of random uselessness {unknown}
Potions
 d - a potion of might
 j - 2 potions of curing {unknown}
 k - a potion of magic {unknown}
 l - a potion of flight {unknown}


   Skills:
 + Level 4.3 Fighting
 * Level 3.7 Short Blades
 + Level 4.3 Armour
 + Level 1.8 Dodging
 - Level 4.0 Shields


You had 3 spell levels left.
You didn't know any spells.
Your spell library was empty.

Dungeon Overview and Level Annotations

Branches:
Dungeon (3/15)

Altars:


Innate Abilities, Weirdness & Mutations

You reflexively headbutt those who attack you in melee.
You have a pair of horns on your head.


Message History

You are too injured to fight recklessly!
You are too injured to fight recklessly!
You are too injured to fight recklessly!
You are too injured to fight recklessly!
You are too injured to fight recklessly!
You are too injured to fight recklessly!
You are too injured to fight recklessly!
You are too injured to fight recklessly!
You are too injured to fight recklessly!
You are too injured to fight recklessly!
You are too injured to fight recklessly!
You are too injured to fight recklessly!
You hit the ogre.
The ogre is heavily wounded.
You hit the ogre. You headbutt the ogre.
The ogre is severely wounded.
You hit the ogre. Your headbutt misses the ogre.
The ogre is almost dead.
The ogre hits you with a +0 giant club!
You die...

## ..##### .......
....... ...<... ###
....... ..#
......O###.#
.......@.#.#
########.#.###
............#
#######......#.#
#.....#......#
#.....#....).# #
#.....####+#.##..###
'..+.....'......†......
#.##.....####.........#


You could see an ogre.

Vanquished Creatures
  5 adders
  2 oozes
  A worm (D:2)
  2 dart slugs (D:1)
  2 orcs (D:3)
  5 giant cockroaches
  4 goblins
  5 hobgoblins (D:2)
  7 jackals
  5 kobolds
  A quokka (D:2)
  6 bats
  6 frilled lizards
  6 rats
57 creatures vanquished.

Vanquished Creatures (others)
  5 plants (D:2)
5 creatures vanquished.

Grand Total: 62 creatures vanquished

Notes
Turn   | Place    | Note
-------+----------+-------------------------------------------
     0 | D:1      | tardwrangler69 the Minotaur Fighter began the quest for the
                  | Orb.
     0 | D:1      | Reached XP level 1. HP: 19/19 MP: 0/0
   272 | D:1      | Reached XP level 2. HP: 27/27 MP: 1/1
  1121 | D:2      | Reached skill level 1 in Dodging
  1121 | D:2      | Reached XP level 3. HP: 27/33 MP: 2/2
  1387 | D:2      | Reached XP level 4. HP: 38/40 MP: 3/3
  1833 | D:2      | Found a faded altar of an unknown god.
  2375 | D:3      | Noticed an ogre
  2383 | D:3      | Slain by an ogre

Illustrated notes

Levels and vault maps discovered:
D:1:      sevenhm_arrival_forest_fort_small_5, layout_loops_corners
D:2:      cheibrodos_old_hovel, layout_loops_ring,
          chequers_ecumenical_altar_grove, minmay_surrounded
D:3:      layout_basic, lemuel_blue_sif_altar

Skill      XL: |  1  2  3 |
---------------+----------+-----
Short Blades   | 3 |  3.7
Dodging        | 1 |  1.8
Shields        | 4 |  4.0
Armour         | 4 |  4.3
Fighting       | 4 |  4.3

Action                   |  1- 3 |  4- 6 || total
-------------------------+-------+-------++-------
Melee: Rapier            |    31 |       ||    31
       Headbutt          |     8 |    10 ||    18
       Dagger            |    58 |    54 ||   112
Armor: Scale mail        |    25 |    10 ||    35
Dodge: Dodged            |    37 |    15 ||    52
Block: Kite shield       |    18 |       ||    18
       Buckler           |     9 |     3 ||    12
